 Dungeon Crawl Stone Soup version 0.29-a0-541-gaf1fc19f1b (webtiles) character file.

Game seed: 17888727367609966060

212 ultragoat the Insei (level 5, -3/40 HPs)
             Began as a Draconian Transmuter on June 3, 2022.
             Killed from afar by a steam dragon (14 damage)
             ... with a ball of steam
             ... on level 4 of the Dungeon.
             The game lasted 00:13:37 (3776 turns).

ultragoat the Insei (Draconian Transmuter)          Turns: 3776, Time: 00:13:38

Health: -3/40      AC:  8    Str: 18    XL:     5   Next: 58%
Magic:  8/8        EV: 17    Int: 15    God:
Gold:   172        SH:  0    Dex: 12    Spells: 4/8 levels left

rFire   . . .      SeeInvis .     - Unarmed
rCold   . . .      Faith    .   (no shield)
rNeg    . . .      Spirit   .   (body armour unavailable)
rPois   .          Reflect  .   g - +2 hat
rElec   .          Harm     .   (no cloak)
rCorr   .          Rampage  .   k - +0 pair of gloves
Will    .....                   (no boots)
Stlth   +.........              (no amulet)
HPRegen 0.13/turn               c - +6 ring of strength
MPRegen 0.11/turn               j - +4 ring of evasion

@: no status effects
A: AC +5, unfitting armour, cold-blooded
a: no special abilities


You were on level 4 of the Dungeon.
You visited 1 branch of the dungeon, and saw 4 of its levels.

You collected 305 gold pieces.
You spent 133 gold pieces at shops.

Inventory:

Armour
 g - a +2 hat (worn)
 k - a +0 pair of gloves (worn)
Magical Staves
 e - a staff of cold
Jewellery
 c - a +6 ring of strength (left hand)
 j - a +4 ring of evasion (right hand)
Wands
 o - a wand of digging (5)
Scrolls
 b - 2 scrolls of fear {unknown}
 f - a scroll of enchant weapon {unknown}
Potions
 a - 2 potions of lignification
 d - a potion of brilliance {unknown}
 h - a potion of attraction {unknown}
 i - 3 potions of might {unknown}
 l - a potion of heal wounds {unknown}
 m - 3 potions of curing {unknown}
 n - a potion of haste {unknown}
 p - 2 potions of degeneration {unknown}


   Skills:
 - Level 1.1 Fighting
 - Level 3.5 Dodging
 + Level 3.8 Unarmed Combat
 - Level 2.2 Spellcasting
 * Level 2.8 Transmutations
 - Level 2.4 Poison Magic


You had 4 spell levels left.
You knew the following spells:

 Your Spells              Type           Power      Damage    Failure   Level
a - Beastly Appendage     Tmut           20%        N/A       7%          1
b - Spider Form           Tmut/Pois      9%         N/A       22%         3

Your spell library contained the following spells:

 Spells                   Type           Power      Damage    Failure   Level
 Wereblood                Tmut           10%        N/A       11%         2
 Ice Form                 Ice/Tmut       5%         N/A       77%         4


Dungeon Overview and Level Annotations

Branches:
Dungeon (4/15)
 Temple: D:4-7

Altars:

Shops:
D:1 [

Annotations:
D:3 1 runed translucent door, Gelos's ghost, amateur OpFE


Innate Abilities, Weirdness & Mutations

Your plain brown scales are hard. (AC +5)
You cannot fit into any form of body armour.
You are cold-blooded and may be slowed by cold attacks.


Message History

A quokka, an endoplasm, a steam dragon and a ball python come into view.
The endoplasm quivers.
Found a scroll of identify.
Casting: Beastly Appendage (safe; 7% risk of failure)
Confirm with . or Enter, or press ? or * to list all spells.
You miscast Beastly Appendage.
You are very lightly contaminated with residual magic.
Nothing appears to happen.
The steam dragon hisses angrily.
The ball python misses you. x2; The ball python bites you.
The ball python closely misses you.
You punch the ball python!
You kill the ball python!
You hit the endoplasm.
The endoplasm is moderately wounded.
The endoplasm closely misses you.
You punch the endoplasm!
You kill the endoplasm!
You hit the steam dragon.
The steam dragon is lightly wounded.
The steam dragon misses you. The steam dragon closely misses you.
You barely miss the steam dragon.
The steam dragon is lightly wounded.
The steam dragon bites you but does no damage.
The steam dragon barely misses you.
You hit the steam dragon but do no damage.
You tail-slap the steam dragon, but do no damage.
The steam dragon is lightly wounded.
The steam dragon bites you. The steam dragon completely misses you.
You hit the steam dragon but do no damage.
The steam dragon is lightly wounded.
The steam dragon breathes steam at you. The ball of steam hits you!!
Ouch! That really hurt!
* * * LOW HITPOINT WARNING * * *
You hear an angry hiss.
Your magical contamination has completely faded away.
The steam dragon breathes steam at you. The ball of steam hits you!
You die...

#.#.......... #.........[..
###### ##........... ..#...
#.####.....# #.#.#.
#.#?.##...## #.#.## #
#.#...##.## #.#... #.
#.##..r#.# ##.# #.
#####.##..##.†#.#+ ##..###.
.......)).@###§..###.......
#######....§D..8........###
##...###...###...## #..##
+#.#'.##..# #.## #.#...##.#
#.# ##.##)..#.# #.#
##...##..#.#
#.####.....####.####
#...............##..


You could see a steam dragon (catching breath).

Vanquished Creatures
  A hound (D:3)
  An iguana (D:4)
  2 orc wizards
  4 adders
  6 orcs
  8 ball pythons
  7 bats
  3 endoplasms
  2 giant cockroaches
  4 goblins
  5 hobgoblins
  8 jackals (D:1)
  3 quokkas
  A frilled lizard (D:2)
  5 kobolds
  8 rats
68 creatures vanquished.

Notes
Turn   | Place    | Note
-------+----------+-------------------------------------------
     0 | D:1      | ultragoat the Draconian Transmuter began the quest for the
                  | Orb.
     0 | D:1      | Reached XP level 1. HP: 16/16 MP: 3/3
   203 | D:1      | Reached XP level 2. HP: 21/23 MP: 3/5
   409 | D:1      | Found Syuteumu's Antique Armour Shop.
   737 | D:1      | Bought a runed hat for 133 gold pieces
   782 | D:1      | Reached XP level 3. HP: 26/28 MP: 4/6
   815 | D:1      | Learned a level 3 spell: Spider Form
  1311 | D:2      | Found a faded altar of an unknown god.
  2049 | D:2      | Reached skill level 1 in Poison Magic
  2252 | D:3      | Reached XP level 4. HP: 33/35 MP: 5/7
  2314 | D:3      | Found a runed translucent door.
  2444 | D:3      | Noticed Gelos's ghost (amateur OpFE)
  2469 | D:3      | Reached XP level 5. HP: 34/40 MP: 6/8
  3764 | D:4      | Noticed a steam dragon
  3776 | D:4      | Killed from afar by a steam dragon

Illustrated notes

Levels and vault maps discovered:
D:1:      dpeg_arrival_rhombi, layout_basic, serial_shops, shop_coins,
          nicolae_concentric_dashed_squares_mild, minivault_25
D:2:      layout_loops_ring, shapermc_ecumenical_altar_starsandcircs
D:3:      layout_rooms, ebering_ghost_sewer_d
D:4:      cheibrodos_barr_body, layout_basic

Skill      XL: |  1  2  3  4 |
---------------+-------------+-----
Dodging        | 2 3 |  3.5
Poison Magic   | 1 2 |  2.4
Fighting       | |  1.1
Unarmed Combat | |  3.8
Spellcasting   | |  2.2
Transmutations | |  2.8

Action                   |  1- 3 |  4- 6 || total
-------------------------+-------+-------++-------
Melee: Unarmed           |   129 |    83 ||   212
       Tailslap          |    15 |    10 ||    25
       Headbutt          |    10 |     7 ||    17
       Kick              |    13 |    13 ||    26
       Punch             |       |     1 ||     1
 Cast: Beastly Appendage |    16 |     8 ||    24
  Use: Scroll            |     6 |     2 ||     8
Armor: Skin              |    50 |    21 ||    71
Dodge: Dodged            |   120 |    73 ||   193

Table legend: (Time is in decaauts)
 A = Elapsed time spent in this place.
 B = Non-inter-level travel time spent in this place.
 C = Inter-level travel time spent in this place.
 D = Time resting spent in this place.
 E = Time spent auto-exploring this place.
 F = Levels seen in this place.
 G = Mean time per level.
                   A        B        C        D        E       F      G
               +--------+--------+--------+--------+--------+-----+--------+
         Total |   3761 |   3677 |     84 |    762 |   1483 |   4 |  940.2 |
       Dungeon |   3761 |   3677 |     84 |    762 |   1483 |   4 |  940.2 |
               +--------+--------+--------+--------+--------+-----+--------+

Top non-repeatable levels by time:
     D:1: 1181 daAuts
     D:2: 1040 daAuts
     D:3: 883 daAuts
     D:4: 655 daAuts
